 Dungeon Crawl Stone Soup version 0.30-a0-393-g54b8e3be05 (webtiles) character file.

Game seed: 15280670053321897535

52 NinjaNoafa the Shooter (level 4, -17/31 (34) HPs)
             Began as a Formicid Hunter on Dec 6, 2022.
             Killed from afar by Maggie (19 damage)
             ... with a bolt of fire
             ... on level 6 of the Dungeon.
             The game lasted 00:04:18 (1255 turns).

NinjaNoafa the Shooter (Formicid Hunter)            Turns: 1255, Time: 00:04:19

HP:   -17/31 (34)   AC:  4    Str: 14 (16) XL:     4   Next: 8%
MP:   4/4           EV: 12    Int:  5 (8)  God:
Gold: 143           SH:  0    Dex: 16 (19) Spells: 3/3 levels left

rFire   . . .      SeeInvis +    a - +0 arbalest
rCold   . . .      Faith    .    (no shield)
rNeg    . . .      Spirit   .    c - +0 leather armour
rPois   .          Reflect  .    (helmet unavailable)
rElec   .          Harm     .    q - +0 cloak
rCorr   .          Rampage  .    (no gloves)
Will    .....                    (no boots)
Stlth   ++........               (no amulet)
HPRegen 0.25/turn                (no ring)
MPRegen 0.09/turn                (no ring)

@: mesmerised, drained
A: permanent stasis, dig shafts and tunnels, antennae 3, four strong arms
a: Dig, Shaft Self


You were on level 6 of the Dungeon.
You visited 1 branch of the dungeon, and saw 4 of its levels.

You collected 143 gold pieces.

Inventory:

Hand Weapons
 a - a +0 arbalest (weapon)
Missiles
 h - 30 stones
Armour
 c - a +0 leather armour (worn)
 q - a +0 cloak (worn)
Scrolls
 f - 2 scrolls of identify {unknown}
 k - a scroll of butterflies {unknown}
 l - 2 scrolls of vulnerability {unknown}
 n - a scroll of blinking {unknown}
 o - a scroll of amnesia {unknown}
Potions
 d - a potion of curing {unknown}
 e - a potion of haste {unknown}
 g - a potion of mutation {unknown}
 i - a potion of heal wounds {unknown}
 j - a potion of resistance {unknown}
 m - a potion of might {unknown}
 p - a potion of degeneration


   Skills:
 + Level 2.7 Fighting
 + Level 4.2 Ranged Weapons
 + Level 1.4 Armour
 + Level 2.2 Dodging
 + Level 2.2 Stealth


You had 3 spell levels left.
You didn't know any spells.
Your spell library contained the following spells:

 Spells                   Type           Power      Damage    Failure   Level
 Manifold Assault         Tloc           0%         N/A       100%        4
 Dispersal                Tloc           0%         N/A       100%        6
 Disjunction              Tloc           0%         N/A       100%        8


Dungeon Overview and Level Annotations

Branches:
Dungeon (6/15)
 Temple: D:4-7

Altars:

Annotations:
D:6 Maggie


Innate Abilities, Weirdness & Mutations

You cannot be hasted, slowed, berserked, paralysed or teleported.
You can dig through walls and to a lower floor.
You have a pair of large antennae on your head. (SInv)
Your four strong arms can wield two-handed weapons with a shield.


Message History

Maggie is engulfed in blazing flames.
Flame seeps out of Maggie.
Maggie zaps a wand.
The puff of flame hits you.
Fire: a) +0 arbalest
Press: ? - help, Q - select action, (/) - cycle Shift-Dir - straight line, f/p - Maggie
Aim: Maggie, wielding a +2 vorpal scimitar, wearing +1 steam dragon scales and carrying a wand of flame (18) (moderately wounded, inner flame, 59% to hit)
You shoot a bolt. The bolt hits Maggie!
Flame seeps out of Maggie.
Maggie is heavily wounded.
Maggie is engulfed in blazing flames.
Flame seeps out of Maggie.
Maggie practices a pose.
Maggie misses you.
Unknown command.
The necrophage hits you but does no damage.
The necrophage attacks as you move away!
The necrophage hits you.
You feel drained. Maggie attacks as you move away! Maggie closely misses you.
Maggie zaps a wand.
The puff of flame hits you!
* * * LOW HITPOINT WARNING * * *
Fire: a) +0 arbalest
Press: ? - help, Q - select action, (/) - cycle Shift-Dir - straight line, f/p - Maggie
Aim: Maggie, wielding a +2 vorpal scimitar, wearing +1 steam dragon scales and carrying a wand of flame (17) (heavily wounded, inner flame, 59% to hit)
You shoot a bolt. The bolt closely misses Maggie.
The necrophage hits you but does no damage.
Maggie gestures wildly while chanting.
Maggie attempts to bespell you!
You are mesmerised by Maggie!
The necrophage hits you.
* * * LOW HITPOINT WARNING * * *
You feel drained.
* * * LOW HITPOINT WARNING * * *
Unknown command.
It was a potion of degeneration.
There was something very wrong with that liquid.
You feel weakened.
You feel dopey.
You feel clumsy. The necrophage hits you.
* * * LOW HITPOINT WARNING * * *
You feel drained.
* * * LOW HITPOINT WARNING * * *
Maggie points at you and mumbles some strange words.
The bolt of fire hits you!!
Ouch! That really hurt!
You die...

##. #....#.#
#..####..#..# { .
..........#
#.##....##..#
>...........#
............# {
.....#......######
...#
#...@......... #
#...@n...###..
....#.........#
....#...........
..##..............
# ........##.....
.......##.. .....
.#..... ... .#.
##.... ....


You could see Maggie (mesmerising, inner flame) and a necrophage.

Vanquished Creatures
  An adder (D:2)
  2 worms (D:2)
  A dart slug (D:1)
  4 ball pythons
  3 endoplasms
  A giant cockroach (D:1)
  2 goblins
  5 hobgoblins
  4 kobolds
  A quokka (D:1)
  3 bats
  A frilled lizard (D:1)
  5 rats
33 creatures vanquished.

Notes
Turn   | Place    | Note
-------+----------+-------------------------------------------
     0 | D:1      | NinjaNoafa the Formicid Hunter began the quest for the Orb.
     0 | D:1      | Reached XP level 1. HP: 16/16 MP: 1/1
    65 | D:1      | Reached XP level 2. HP: 17/23 MP: 2/2
   573 | D:1      | Reached XP level 3. HP: 28/28 MP: 3/3
   595 | D:1      | Reached skill level 1 in Armour
  1185 | D:2      | Reached XP level 4. HP: 32/34 MP: 4/4
  1218 | D:2      | You fall into a shaft and drop 1 floor!
  1224 | D:3      | You fall into a shaft and drop 3 floors!
  1239 | D:6      | Noticed Maggie
  1248 | D:6      | Noticed a necrophage
  1255 | D:6      | Killed from afar by Maggie

Illustrated notes

Levels and vault maps discovered:
D:1:      ncdulo_wetmaze, layout_basic
D:2:      layout_basic, kennysheep_small_spiral
D:3:      layout_basic, kennysheep_another_room
D:6:      layout_cave_pools, grunt_temple_overflow_open, enter_ossuary_4,
          lightli_corner_chamber, uniq_sigmund, uniq_blork_the_orc, uniq_maggie

Skill      XL: |  1  2  3 |
---------------+----------+-----
Dodging        | 2 |  2.2
Armour         | 1 |  1.4
Stealth        | 2 |  2.2
Fighting       | |  2.7
Ranged Weapons | |  4.2

Action                   |  1- 3 |  4- 6 || total
-------------------------+-------+-------++-------
 Fire: Shortbow          |    31 |       ||    31
       Arbalest          |    32 |     9 ||    41
 Abil: Dig               |     1 |       ||     1
       Shaft Self        |       |     2 ||     2
  Use: Scroll            |       |     1 ||     1
       Potion            |       |     1 ||     1
Armor: Leather armour    |     2 |     3 ||     5
Dodge: Dodged            |    20 |     3 ||    23

Table legend: (Time is in decaauts)
 A = Elapsed time spent in this place.
 B = Non-inter-level travel time spent in this place.
 C = Inter-level travel time spent in this place.
 D = Time resting spent in this place.
 E = Time spent auto-exploring this place.
 F = Levels seen in this place.
 G = Mean time per level.
                   A        B        C        D        E       F      G
               +--------+--------+--------+--------+--------+-----+--------+
         Total |   1300 |   1234 |     66 |      0 |    962 |   4 |  325.0 |
       Dungeon |   1300 |   1234 |     66 |      0 |    962 |   4 |  325.0 |
               +--------+--------+--------+--------+--------+-----+--------+

Top non-repeatable levels by time:
     D:1: 699 daAuts
     D:2: 558 daAuts
     D:6: 35 daAuts
     D:3: 7 daAuts
